 Dungeon Crawl Stone Soup version 0.27-a0-1500-g450c7e4133 (webtiles) character file.

Game seed: 14011661986870870219

181569 raph the Geomancer (level 17, -8/157 HPs)
             Began as a Deep Dwarf Necromancer on July 7, 2021.
             Was the Champion of Qazlal.
             Mangled by a naga warrior (25 damage)
             ... on level 4 of the Snake Pit.
             The game lasted 01:51:07 (37479 turns).

raph the Geomancer (Deep Dwarf Necromancer)        Turns: 37479, Time: 01:51:08

Health: -8/157     AC: 24    Str: 12    XL:     17   Next: 68%
Magic:  22/39 (30) EV: 13    Int: 21    God:    Qazlal [******]
Gold:   204        SH: 20    Dex: 15    Spells: 4/35 levels left

rFire    + + .     SeeInvis .   a - +10 dagger "Oteco" {vamp, rF+ rCorr Stlth+}
rCold    . . .     Faith    .   f - +2 buckler {rF+}
rNeg     + . .     Spirit   .   K - +5 acid dragon scales
rPois    +         Reflect  +   j - +0 helmet
rElec    .         Harm     .   y - +0 cloak {Stlth+}
rCorr    +         Rampage  .   k - +0 pair of gloves
Will     ++...                  V - +1 pair of boots
Stlth    +.........             S - amulet of reflection
HPRegen  0.00/turn              c - ring of magical power
MPRegen  0.26/turn              U - ring of poison resistance

@: lethally poisoned (-8 -> -8), protected from physical damage, constricted,
repel missiles
A: damage resistance, heal wounds, negative energy resistance 1, sense
surroundings 2, no regeneration
a: Heal Wounds, Renounce Religion, Upheaval, Elemental Force, Disaster Area


You were on level 4 of the Snake Pit.
You worshipped Qazlal.
Qazlal was exalted by your worship.
You visited 5 branches of the dungeon, and saw 30 of its levels.
You also visited: Bailey.

You collected 3454 gold pieces.
You spent 3250 gold pieces at shops.

Inventory:

Hand Weapons
 a - the +10 dagger "Oteco" (weapon) {vamp, rF+ rCorr Stlth+}
   (You found it on level 5 of the Dungeon)

   It inflicts no extra harm, but heals its wielder when it wounds a living foe.
   rF:        It protects you from fire.
   rCorr:     It protects you from acid and corrosion.
   Stlth:     It makes you more stealthy.
 b - a +1 hand crossbow
 M - a +5 dagger
Missiles
 g - 242 bolts
 Q - 12 throwing nets
 X - 7 boomerangs of dispersal
Armour
 f - a +2 buckler of fire resistance (worn)
 j - a +0 helmet (worn)
 k - a +0 pair of gloves (worn)
 y - a +0 cloak of stealth (worn)
 K - +5 acid dragon scales (worn)
 V - a +1 pair of boots (worn)
Magical Staves
 G - a staff of fire
 P - a staff of death
Jewellery
 c - a ring of magical power (left hand)
 i - a +6 ring of intelligence
 q - the ring "Goofawk" {rC+ rN+ EV+4}
   (You found it on level 14 of the Dungeon)

   [ring of evasion]

   EV:        It affects your evasion (+4).
   rC:        It protects you from cold.
   rN:        It protects you from negative energy.
 v - an amulet of magic regeneration
 I - a ring of flight
 N - a ring of wizardry
 S - an amulet of reflection (around neck)
 U - a ring of poison resistance (right hand)
Wands
 d - a wand of charming (19)
 o - a wand of digging (28)
 w - a wand of flame (53)
 A - a wand of mindburst (23)
 F - a wand of iceblast (34)
 R - a wand of acid (1)
 W - a wand of polymorph (8)
Scrolls
 h - 6 scrolls of teleportation
 l - a scroll of amnesia
 m - a scroll of fog
 s - 4 scrolls of immolation
 u - 10 scrolls of identify
 x - 2 scrolls of enchant weapon
 H - 5 scrolls of fear
 O - 4 scrolls of blinking
 T - 3 scrolls of summoning
 Y - 3 scrolls of magic mapping
Potions
 e - 6 potions of haste
 n - 3 potions of magic
 p - 3 potions of might
 t - 5 potions of brilliance
 z - 9 potions of curing
 B - 2 potions of invisibility
 C - 2 potions of mutation
 D - a potion of heal wounds
 E - a potion of resistance
 J - a potion of cancellation
 L - 5 potions of flight
Miscellaneous
 r - a condenser vane
 Z - a phial of floods


   Skills:
 + Level 11.1 Fighting
 - Level 10.0 Short Blades
 + Level 11.2 Armour
 + Level 10.0 Dodging
 - Level 2.4 Stealth
 - Level 4.0 Shields
 + Level 9.6 Spellcasting
 + Level 7.5 Conjurations
 + Level 14.5 Necromancy
 - Level 6.2 Translocations
 + Level 4.4 Fire Magic
 * Level 14.6 Earth Magic
 + Level 12.2 Invocations
 + Level 4.1 Evocations


You had 4 spell levels left.
You knew the following spells:

 Your Spells              Type           Power      Damage    Failure   Level
a - Pain                  Necr           100%       1d9       1%          1
c - Vampiric Draining     Necr           31%        2d10      1%          3
d - Animate Dead          Necr           31%        N/A       1%          4
f - Blink                 Tloc           N/A        N/A       1%          2
g - Agony                 Necr           63%        N/A       1%          5
h - Bolt of Magma         Conj/Fire/Erth 23%        4d11      7%          5
i - Death Channel         Necr           31%        N/A       3%          6
j - Lee's Rapid Deconstr  Erth           32%        3d17*     1%          5

Your spell library contained the following spells:

 Spells                   Type           Power      Damage    Failure   Level
 Animate Skeleton         Necr           100%       N/A       1%          1
 Foxfire                  Conj/Fire      100%       2x1d9     1%          1
 Magic Dart               Conj           100%       1d8       1%          1
 Shock                    Conj/Air       100%       1d9       1%          1
 Sublimation of Blood     Necr           31%        N/A       1%          2
 Stone Arrow              Conj/Erth      100%       3d13      1%          3
 Conjure Flame            Conj/Fire      35%        6-21      2%          3
 Gell's Gravitas          Tloc           18%        N/A       2%          3
 Lesser Beckoning         Tloc           18%        N/A       2%          3
 Teleport Other           Tloc           36%        N/A       2%          3
 Iskenderun's Mystic Bla  Conj/Tloc      39%        2d9       5%          4
 Beastly Appendage        Tmut           20%        N/A       10%         1
 Freeze                   Ice            40%        1d6       10%         1
 Summon Small Mammal      Summ           40%        N/A       10%         1
 Mephitic Cloud           Conj/Pois/Air  20%        N/A       10%         3
 Inner Flame              Hex/Fire       19%        N/A       11%         3
 Call Imp                 Summ           10%        N/A       14%         2
 Slow                     Hex            10%        N/A       14%         2
 Wereblood                Tmut           10%        N/A       14%         2
 Fulminant Prism          Conj/Hex       12%        3d9       19%         4
 Hailstorm                Conj/Ice       25%        3d7       19%         4
 Call Canine Familiar     Summ           10%        N/A       28%         3
 Confusing Touch          Hex            10%        N/A       28%         3
 Frozen Ramparts          Ice            20%        1d4       28%         3
 Ozocubu's Armour         Ice            10%        N/A       28%         3
 Spider Form              Tmut/Pois      5%         N/A       28%         3
 Summon Guardian Golem    Hex/Summ       10%        N/A       28%         3
 Swiftness                Air            10%        N/A       28%         3
 Airstrike                Air            5%         N/A       67%         4
 Summon Lightning Spire   Summ/Air       10%        N/A       67%         4
 Borgnjor's Vile Clutch   Necr/Erth      31%        N/A       1%          5
 Excruciating Wounds      Necr           31%        N/A       1%          5
 Iskenderun's Battlesphe  Conj           41%        2d9       12%         5
 Iron Shot                Conj/Erth      27%        9d6       14%         6
 Manifold Assault         Tloc           36%        N/A       21%         5
 Irradiate                Conj/Tmut      12%        3d17      47%         5
 Lightning Bolt           Conj/Air       12%        1d26      47%         5
 Simulacrum               Ice/Necr       20%        N/A       58%         6
 Dispersal                Tloc           18%        N/A       73%         6
 Infestation              Necr           31%        N/A       85%         8
 Blade Hands              Tmut           5%         N/A       95%         5
 Metabolic Englaciation   Hex/Ice        5%         N/A       95%         5
 Yara's Violent Unravell  Hex/Tmut       5%         3d4       95%         5
 Dragon Form              Tmut           5%         N/A       100%        7
 Ozocubu's Refrigeration  Ice            5%         4d6       100%        7
 Spellforged Servitor     Conj/Summ      12%        N/A       100%        7
 Shatter                  Erth           32%        3d26*     100%        9


Dungeon Overview and Level Annotations

Branches:
Dungeon (15/15) Temple (0/1) D:7 Lair (6/6) D:10 Shoals (3/4) Lair:3 Snake (4/4) Lair:4 Slime (0/5) Lair:5 Orc (2/2) D:11 Elf (0/3) Orc:2 Vaults (0/5) D:13 D:14 Depths (0/5) D:15 Bailey (visited)

Altars:
Elyvilon
Makhleb
Okawaru
Qazlal
Sif Muna
Trog
Vehumet
Xom
Yredelemnul
Zin
Beogh
Jiyva

Shops:
D:11 *   D:12 (   Orc:2 [[=?(   Shoals:1 *   Snake:2 :=:

Annotations:
D:9 2 transporters
D:12 exclusion: 2 ice statues
D:14 3 runed translucent doors
Lair:5 exclusion: 2 oklob plants
Snake:2 1 runed translucent door, Xenophilius's ghost, adept DjWn
Snake:4 Asterion
Orc:1 2 transporters, Geec's ghost, journeyman OpCj


Innate Abilities, Weirdness & Mutations

You are resistant to damage.
You can heal yourself by infusing magical energy.
You resist negative energy. (rN+)
You passively map the area around you.
You do not regenerate.


Message History

The Executioner hits you but does no damage.
The anaconda grabs you.
You stop ascending the stairs.
The anaconda bites you.
You feel more protected from physical attacks.
The anaconda constricts you.
Asterion hits you with a +0 morningstar of venom!
You feel more protected from physical attacks.
You block Asterion's attack.
The Executioner is struck by lightning.
The Executioner hits you but does no damage.
The Executioner hits you.
You feel more protected from physical attacks.
The Executioner barely misses you. The naga warrior spits poison at you.
The splash of poison hits you but does no damage.
You resist. The anaconda bites you. The anaconda constricts you.
Casting: Lee's Rapid Deconstruction (mildly dangerous; 1% risk of failure)
Confirm with . or Enter, or press ? or * to list all spells.
Aiming: Agony (mildly dangerous; 1% risk of failure)
Press: ? - help, Shift-Dir - straight line, f - anaconda
Aim: an anaconda (constricting you, chance to affect: 96%)
The anaconda convulses!
The Executioner is struck by lightning.
You block the Executioner's attack. x2; The Executioner hits you.
You feel more protected from physical attacks.
The Executioner is struck by lightning.
The Executioner hits you! You block the Executioner's attack.
The Executioner hits you but does no damage.
Asterion hits you with a +0 morningstar of venom!
You are poisoned.
Asterion gores you.
You feel more protected from physical attacks.
The anaconda misses you. The anaconda constricts you.
The Executioner is struck by lightning.
You block the Executioner's attack. The Executioner closely misses you.
The Executioner hits you but does no damage.
The naga warrior hits you with a +1 long sword of electrocution!!!
* * * LOW HITPOINT WARNING * * *
You feel more protected from physical attacks.
You are electrocuted!
* * * LOW HITPOINT WARNING * * *
The naga warrior hits you from afar with a +1 vampiric trident!!
You die...

#..#* .... * *,
#...###.... ## ,, ,
##.#...##.., .##* ,
** #......##.###..##
* #......##.#.....##
, #.............#..#
,
*####.#...........,*
#......§#S.○#.... ,
* *######..1@N○.# ,
* * ,
**#...NH§.°...# ,
........#####.... ,
*, ,###...### ... *
, #... ., , , * ,,
..... ,, ,, , * *
..#### * * ** ,..
***


You could see Asterion (fast), 2 naga warriors, an Executioner (summoned, fast)
and an anaconda.

Vanquished Creatures
  Vashnia (Snake:3)
  Frances (Snake:1)
  Agnes (D:14)
  Aizul (Snake:3)
  2 dire elephants (Lair:6)
  An ettin (D:15)
  5 merfolk impalers
  A merfolk javelineer (Shoals:2)
  Harold (Lair:1)
  A naga warrior (Snake:3)
  4 hydras
  5 boulder beetles
  3 merfolk avatars
  An alligator snapping turtle (Shoals:3)
  6 centaur warriors
  12 death yaks
  9 anacondas
  4 two-headed ogres
  2 satyrs (Shoals:2)
  4 tengu warriors (D:15)
  Erica (Orc:1)
  Urug (D:12)
  A spectral dire elephant (Lair:6)
  3 orc high priests (Orc:2)
  3 shock serpents
  12 naga sharpshooters
  Nergalle (D:12)
  A spectral death yak (Lair:6)
  A spectral anaconda (Lair:6)
  A salamander mystic (Snake:3)
  A deep troll (D:15)
  3 naga ritualists
  A lindwurm (Lair:4)
  18 sea snakes
  A harpy (shapeshifter) (D:15)
  3 harpies (Shoals:2)
  An obsidian statue (Lair:6)
  A wizard (D:11)
  5 necromancers
  5 orc knights
  4 deep elf pyromancers
  5 mana vipers
  5 orc sorcerers
  6 cyclopes
  A wolf spider (D:15)
  4 salamanders
  11 fauns
  12 ugly things
  9 manticores
  4 merfolk sirens
  2 ice statues (D:12)
  23 black mambas
  A guardian serpent (Snake:3)
  Maurice (D:8)
  A dire elephant zombie (Lair:6)
  12 naga magi
  A black mamba (shapeshifter) (D:14)
  22 elephants
  A dire elephant skeleton (Lair:6)
  Maggie (D:7)
  2 gargoyles
  2 torpor snails
  A water nymph (Shoals:2)
  8 cane toads
  7 komodo dragons
  Psyche (D:9)
  A rime drake (Lair:6)
  2 tengu conjurers
  An efreet (D:15)
  2 ice devils (Lair:3)
  4 trolls
  2 polar bears
  20 merfolk
  2 wind drakes
  3 blink frogs (Lair:1)
  8 snapping turtles
  4 spectral elephants (Lair:6)
  A hornet (D:9)
  16 slime creatures
  20 dream sheep
  A vampire (D:13)
  2 water elementals
  39 yaks
  3 wyverns
  16 humans (D:13)
  5 wraiths
  7 basilisks
  4 fire bats (Lair:5)
  2 steam dragons
  4 vampire mosquitoes (D:15)
  3 wargs
  23 nagas
  A spectral cane toad (Lair:6)
  2 acid dragons
  18 water moccasins
  13 ice beasts (D:12)
  19 orc warriors
  A sky beast (D:5)
  2 black bears (D:10)
  7 ogres
  2 necrophages (D:6)
  4 elephant zombies (Lair:6)
  4 boggarts (D:15)
  12 wolves
  2 elephant skeletons (Lair:6)
  16 centaurs
  A kobold brigand (D:6)
  13 bullfrogs
  2 scorpions
  4 cane toad simulacra (Lair:6)
  23 killer bees (Lair:1)
  An elephant simulacrum (Lair:6)
  3 wights
  7 electric eels
  3 centaur zombies
  5 howler monkeys
  7 jellies
  A bullfrog skeleton (D:6)
  3 hounds
  14 orc priests
  A centaur skeleton (D:7)
  A gnoll shaman (D:5)
  3 iguanas
  27 orc wizards
  6 gnolls
  4 adders
  A howler monkey skeleton (D:7)
  3 shadow imps
  2 ufetubi (D:6)
  2 adder skeletons (D:4)
  5 worms
  5 dart slugs
  74 orcs
  2 bats
  7 endoplasms
  5 giant cockroaches
  3 goblins
  6 hobgoblins
  6 jackals (D:1)
  23 kobolds
  3 quokkas
  7 ball pythons
  3 frilled lizards
  4 rats
  2 butterflies (D:7)
  A foxfire (D:9)
867 creatures vanquished.

Vanquished Creatures (collateral kills)
  Nessos (Lair:5)
  A dire elephant (Lair:6)
  Josephine (D:11)
  A naga warrior (Snake:3)
  4 hydras
  An anaconda (Snake:2)
  An orc high priest (Orc:2)
  A naga sharpshooter (Snake:3)
  A sea snake (Snake:2)
  2 naga ritualists (Snake:2)
  A salamander (Snake:3)
  An orc knight (Orc:2)
  A manticore (Shoals:1)
  A mana viper (Snake:2)
  An elephant (Lair:6)
  4 black mambas
  A centaur zombie (D:5)
  A naga mage (Snake:2)
  A queen bee (Lair:1)
  3 slime creatures (D:11)
  3 yaks (D:11)
  A wyvern (Lair:3)
  11 nagas
  4 orc warriors
  A centaur (D:9)
  An elephant skeleton (Lair:6)
  A kobold brigand (D:10)
  5 killer bees
  3 orc wizards
  6 orcs
  2 goblins
  A hobgoblin (Bailey)
  6 kobolds
74 creatures vanquished.

Vanquished Creatures (others)
  A slime creature (D:10)
  An orc priest (Orc:2)
  An orc (Orc:2)
  10 foxfires
  60 fungi
  104 plants
  10 tentacles (Shoals:3)
  30 withered plants (Lair:6)
217 creatures vanquished.

Grand Total: 1158 creatures vanquished

Notes
Turn   | Place    | Note
-------+----------+-------------------------------------------
     0 | D:1      | raph the Deep Dwarf Necromancer began the quest for the
                  | Orb.
     0 | D:1      | Reached XP level 1. HP: 15/15 MP: 3/3
     8 | D:1      | Found a faded altar of an unknown god.
   101 | D:1      | Became a worshipper of Qazlal Stormbringer
   101 | D:1      | Reached * piety under Qazlal
   170 | D:1      | Reached XP level 2. HP: 22/22 MP: 0/4
   228 | D:1      | Reached skill level 5 in Necromancy
   542 | D:1      | Learned a level 1 spell: Animate Skeleton
   832 | D:1      | Reached XP level 3. HP: 21/28 MP: 5/5
   836 | D:1      | Learned a level 3 spell: Vampiric Draining
   872 | D:1      | Reached ** piety under Qazlal
  1877 | D:2      | Reached XP level 4. HP: 36/36 MP: 6/6
  2534 | D:3      | You fall into a shaft and drop 3 floors!
  2554 | D:5      | Entered Level 5 of the Dungeon
  2557 | D:5      | Reached XP level 5. HP: 42/42 MP: 7/7
  2583 | D:5      | Noticed a centaur warrior zombie
  2590 | D:4      | Noticed a centaur
  2969 | D:4      | Found a white marble altar of Elyvilon.
  3094 | D:3      | Reached skill level 1 in Shields
  3209 | D:4      | Killed a centaur
  3210 | D:4      | Reached XP level 6. HP: 16/49 MP: 7/8
  3330 | D:4      | Reached *** piety under Qazlal
  3678 | D:5      | Noticed a sky beast
  3691 | D:5      | Killed a sky beast
  3692 | D:5      | Reached skill level 1 in Invocations
  3803 | D:5      | Reached skill level 1 in Fighting
  3830 | D:5      | Reached XP level 7. HP: 52/58 MP: 9/9
  3876 | D:5      | Learned a level 4 spell: Animate Dead
  4039 | D:5      | Identified the +10 dagger "Oteco" {vamp, rF+ rCorr Stlth+}
  4460 | D:5      | Identified a scroll of acquirement
  4460 | D:5      | Acquired a +2 buckler of fire resistance
  4535 | D:6      | Reached XP level 8. HP: 68/68 MP: 11/11
  4570 | D:6      | Reached skill level 5 in Invocations
  4586 | D:6      | Reached **** piety under Qazlal
  4758 | D:6      | Found a shimmering altar of Xom.
  4759 | D:6      | Found a burning altar of Makhleb.
  4764 | D:6      | Found a basalt altar of Yredelemnul.
  4766 | D:6      | Found an iron altar of Okawaru.
  5047 | D:6      | Learned a level 1 spell: Foxfire
  5250 | D:7      | Gained mutation: You passively map the area around you.
                  | [Deep Dwarf growth]
  5250 | D:7      | Reached XP level 9. HP: 54/79 MP: 13/13
  5259 | D:7      | Reached skill level 1 in Short Blades
  5290 | D:7      | Reached ***** piety under Qazlal
  5397 | D:7      | Found a staircase to the Ecumenical Temple.
  5657 | D:7      | Found a flagged portal.
  5676 | Bailey   | Entered a bailey
  5761 | Bailey   | Noticed an orc knight
  5781 | Bailey   | Reached skill level 5 in Fighting
  5781 | Bailey   | Killed an orc knight
  5782 | Bailey   | Reached skill level 10 in Necromancy
  5791 | Bailey   | Found a bloodstained altar of Trog.
  5797 | Bailey   | Identified the +3 kite shield of Orech {Rampage rF+ SInv}
  6237 | D:7      | Learned a level 2 spell: Blink
  6506 | D:7      | Noticed Maggie
  6517 | D:7      | Killed Maggie
  6795 | D:8      | Reached skill level 1 in Armour
  6832 | D:8      | Reached XP level 10. HP: 30/90 MP: 16/16
  6875 | D:8      | Found a viscous altar of Jiyva.
  7367 | D:9      | Noticed Maurice
  7500 | D:8      | Killed Maurice
  7645 | D:9      | Reached skill level 5 in Short Blades
  7726 | D:9      | Noticed Psyche
  7740 | D:9      | Killed Psyche
  7932 | D:9      | Noticed a deep elf pyromancer
  7933 | D:9      | Noticed a boulder beetle
  7936 | D:9      | Found a transporter.
  7939 | D:9      | Noticed a centaur warrior
  7940 | D:9      | Noticed a deep troll
  7992 | D:9      | Found a transporter.
  8041 | D:9      | Found a glowing silver altar of Zin.
  8127 | D:9      | Learned a level 5 spell: Agony
  8182 | D:10     | Entered Level 10 of the Dungeon
  8183 | D:10     | Noticed a two-headed ogre
  8194 | D:10     | Killed a two-headed ogre
  8381 | D:10     | Noticed a cyclops
  8384 | D:10     | Noticed an orc knight
  8438 | D:10     | Noticed a seven-headed hydra
  8465 | D:10     | Killed a seven-headed hydra
  8466 | D:10     | Reached XP level 11. HP: 99/99 MP: 17/18
  8573 | D:10     | Found a staircase to the Lair.
  8624 | D:10     | Noticed a boulder beetle
  8637 | D:10     | Killed a boulder beetle
  8672 | D:10     | Found a radiant altar of Vehumet.
  8772 | D:10     | Noticed a boulder beetle
  8776 | D:10     | Noticed an orc knight
  9322 | Lair:1   | Entered Level 1 of the Lair of Beasts
  9337 | Lair:1   | Noticed Harold
  9357 | Lair:1   | Killed Harold
  9358 | Lair:1   | Reached skill level 5 in Spellcasting
  9366 | Lair:1   | Noticed a four-headed hydra
  9393 | Lair:1   | Killed a four-headed hydra
  9497 | Lair:1   | Noticed a four-headed hydra
  9522 | Lair:1   | Killed a four-headed hydra
  9523 | Lair:1   | Reached skill level 10 in Invocations
  9546 | Lair:1   | Reached skill level 5 in Armour
  9546 | Lair:1   | Reached skill level 1 in Translocations
 10595 | Lair:2   | Reached XP level 12. HP: 93/109 MP: 20/20
 10765 | Lair:2   | You fall into a shaft and drop 1 floor!
 10973 | Lair:3   | Noticed a four-headed hydra
 10986 | Lair:3   | Killed a four-headed hydra
 11016 | Lair:3   | Noticed a six-headed hydra
 11029 | Lair:3   | Killed a six-headed hydra
 11218 | Lair:3   | Found a staircase to the Shoals.
 11748 | Lair:4   | Identified the +8 quarterstaff "Killer Klown's Regret"
                  | {freeze, Int+2}
 12348 | Lair:4   | Noticed a boulder beetle
 12358 | Lair:4   | Killed a boulder beetle
 12415 | Lair:4   | Reached XP level 13. HP: 114/117 MP: 22/22
 12444 | Lair:4   | Learned a level 5 spell: Bolt of Magma
 12527 | Lair:4   | Found a staircase to the Snake Pit.
 12865 | Lair:5   | Reached skill level 1 in Earth Magic
 13015 | Lair:5   | Learned a level 3 spell: Stone Arrow
 13261 | Lair:5   | Noticed Nessos
 13283 | Lair:5   | Killed Nessos
 13356 | Lair:5   | Reached skill level 1 in Conjurations
 13816 | Lair:6   | Entered Level 6 of the Lair of Beasts
 14176 | D:10     | Upgraded the game from 0.27-a0-1456-gf5a116941d to
                  | 0.27-a0-1500-g450c7e4133
 14385 | D:11     | Noticed Josephine
 14422 | D:11     | Found Joetwosh's Assorted Antiques.
 14431 | D:11     | Bought a pair of boots for 144 gold pieces
 14661 | D:10     | Reached skill level 5 in Translocations
 14829 | D:11     | Killed Josephine
 14987 | D:11     | Found a staircase to the Orcish Mines.
 15493 | D:11     | Reached skill level 5 in Dodging
 15881 | D:11     | Reached skill level 5 in Earth Magic
 15990 | D:12     | Noticed Nergalle
 15998 | D:12     | Killed Nergalle
 16215 | D:12     | Reached skill level 10 in Short Blades
 16378 | D:12     | Found Kuod's Antique Weapon Shoppe.
 16392 | D:12     | Bought an ivory short sword for 288 gold pieces
 16392 | D:12     | Identified the +4 short sword of Honour {speed, +Rage} (You
                  | bought it in a shop on level 12 of the Dungeon)
 16453 | D:12     | Noticed Urug
 16470 | D:12     | Killed Urug
 16484 | D:12     | Gained mutation: You resist negative energy. (rN+) [Deep
                  | Dwarf growth]
 16484 | D:12     | Reached XP level 14. HP: 78/127 MP: 10/24
 17706 | Orc:1    | Entered Level 1 of the Orcish Mines
 17715 | Orc:1    | Noticed Erica
 17741 | Orc:1    | Killed Erica
 17847 | Orc:1    | Noticed Geec's ghost (journeyman OpCj)
 17861 | Orc:1    | Found a transporter.
 17900 | Orc:1    | Found a transporter.
 18255 | Orc:2    | Entered Level 2 of the Orcish Mines
 18613 | Orc:2    | Found a bloodstained altar of Trog.
 19007 | Orc:2    | Found Adilyhu's Antique Armour Shoppe.
 19183 | Orc:2    | HP: 3/129 [orc high priest/divine providence (14)]
 20274 | Orc:2    | Found Ucrisk's Magic Scroll Shoppe.
 20274 | Orc:2    | Found Irchuless's Weapon Boutique.
 20277 | Orc:2    | Found Ybigouso's Antique Armour Shoppe.
 20277 | Orc:2    | Found Patudium's Jewellery Boutique.
 20288 | Orc:2    | Bought a scroll of blinking for 120 gold pieces
 20288 | Orc:2    | Bought a scroll of blinking for 120 gold pieces
 20299 | Orc:2    | Bought a +6 ring of intelligence for 643 gold pieces
 20461 | Orc:2    | Found a staircase to the Elven Halls.
 20859 | D:13     | Identified the +6 long sword of Magnificence {flame, *Slow
                  | +Rage Dex-2 Stlth+}
 21400 | D:13     | HP: 6/129 [very large slime creature (39)]
 21914 | D:14     | Found a gate to the Vaults.
 22339 | D:14     | Found a runed translucent gate.
 22339 | D:14     | Noticed a purple very ugly thing
 22340 | D:14     | Found a runed translucent gate.
 22340 | D:14     | Found a runed translucent gate.
 22341 | D:14     | Noticed a red very ugly thing
 22342 | D:14     | Noticed a brown very ugly thing
 22457 | D:14     | Noticed Agnes
 23091 | D:14     | Killed Agnes
 23092 | D:14     | Reached XP level 15. HP: 112/136 MP: 15/26
 23274 | D:14     | Identified the ring "Goofawk" {rC+ rN+ EV+4}
 23591 | D:15     | Entered Level 15 of the Dungeon
 23752 | D:15     | Reached skill level 10 in Earth Magic
 24048 | D:15     | Found a staircase to the Depths.
 24213 | D:15     | Learned a level 5 spell: Lee's Rapid Deconstruction
 24803 | D:15     | Reached skill level 5 in Conjurations
 25151 | Lair:6   | Found a shimmering blue altar of Sif Muna.
 26546 | Lair:6   | Reached skill level 10 in Fighting
 27722 | Lair:6   | Identified the +6 long sword "Goin" {flame, rC+}
 27783 | Lair:6   | Got Kikubaaqudgh's Volume of Evil
 27908 | Shoals:1 | Entered Level 1 of the Shoals
 27924 | Shoals:1 | Reached skill level 10 in Armour
 27938 | Shoals:1 | Reached XP level 16. HP: 85/146 MP: 17/28
 28792 | Shoals:1 | Found Nelonen's Assorted Antiques.
 28800 | Shoals:1 | Bought a glowing cloak for 262 gold pieces
 28800 | Shoals:1 | Bought a scroll labelled UNTOGIF JYSSUI for 35 gold pieces
 29043 | Shoals:1 | Reached skill level 1 in Fire Magic
 31174 | Shoals:3 | Noticed a kraken
 32477 | Snake:1  | Entered Level 1 of the Snake Pit
 33403 | Snake:1  | Noticed Frances
 33424 | Snake:1  | Killed Frances
 34066 | Snake:2  | Reached skill level 1 in Evocations
 34116 | Snake:2  | Reached XP level 17. HP: 148/154 MP: 30/30
 35297 | Snake:2  | Found Ofopoy's Book Boutique.
 35297 | Snake:2  | Found Bexo's Jewellery Emporium.
 35298 | Snake:2  | Found Esyel's Book Boutique.
 35303 | Snake:2  | Bought a book of Unlife for 468 gold pieces
 35307 | Snake:2  | Bought a book of Power for 630 gold pieces
 35309 | Snake:2  | Bought an amulet of reflection for 540 gold pieces
 35367 | Snake:2  | Found a runed translucent door.
 35368 | Snake:2  | Noticed Xenophilius's ghost (adept DjWn)
 35726 | Snake:3  | Learned a level 6 spell: Death Channel
 35785 | Snake:3  | Noticed Vashnia
 36000 | Snake:3  | Reached ****** piety under Qazlal
 36370 | Snake:3  | Noticed Aizul
 36390 | Snake:3  | Killed Aizul
 36617 | Snake:3  | Reached skill level 10 in Dodging
 36640 | Snake:3  | Killed Vashnia
 37460 | Snake:4  | Entered Level 4 of the Snake Pit
 37468 | Snake:4  | Noticed Asterion
 37479 | Snake:4  | Mangled by a naga warrior

Illustrated notes

Levels and vault maps discovered:
D:1:      scummos_arrival_simple_fountains, layout_basic, basic_ecumenical_altar
D:2:      layout_rooms, kennysheep_generic_room_8
D:3:      layout_basic, chequers_serial_rivers_room_b
D:4:      layout_rooms, old_standard_altar
D:5:      layout_basic, cheibrodos_sewer_entry_drain, feat_on_display
D:6:      layout_rooms, minitemple, minmay_puff
D:7:      layout_layer_cave, minmay_temple_entry_butterflies, enter_bailey_2,
          chequers_serial_rivers_micro_c, kennysheep_big_empty_room, uniq_maggie
D:8:      layout_cave_pools, jiyva_altar_1
D:9:      gammafunk_the_bubble [the_bubble_gammafunk_grid], layout_gridville,
          zin_treasury, uniq_psyche, uniq_maurice
D:10:     layout_layer_cave, nicolae_vehumet_radiance,
          due_lair_maze_entry_diamond, minivault_12
D:11:     layout_cave_pools, hiddenorc1_lemuel, serial_shops, shop,
          uniq_josephine
D:12:     minmay_ice_pillars, layout_gridville, serial_shops, shop, uniq_urug,
          uniq_nergalle
D:13:     layout_loops_cross
D:14:     layout_gridville, david_vaults_3, skrybe_limestone_x,
          ploomutoo_gammafunk_ghost_potion_laboratory, uniq_agnes
D:15:     hangedman_depths_entry_civil_slaughter, layout_rooms, hex_medium
Lair:1:   layout_gridlike, special_room [special_room_bee], uniq_harold
Lair:2:   layout_cave_pods, chequers_serial_rivers_room_b
Lair:3:   layout_cave_pods, elwin_shoals_entry_rooms,
          portal_ice_cave_demonic_guard, lemuel_fruit_tree
Lair:4:   layout_gridlike, minmay_snake_entry_guardpost_large,
          lemuel_fruit_fields
Lair:5:   layout_gridlike, minmay_slime_entry_oklob_enclosed,
          lemuel_fruit_fields, grunt_megastairs_2, uniq_nessos
Lair:6:   due_jungle_book, layout_loops_ring, basic_altar, minivault_27
Shoals:1: layout_shoals, serial_shops, shop
Shoals:2: cheibrodos_shoals_oceanic_diplomacy, layout_shoals
Shoals:3: layout_shoals
Snake:1:  layout_cave_shapes, uniq_frances
Snake:2:  layout_basic, ebering_ghost_inner_flame, nrook_loot_triangle,
          serial_bayou_lagoon_b, minmay_shop_grove
Snake:3:  layout_chambers, uniq_vashnia, uniq_aizul
Snake:4:  snake_pit, layout_misc_corridors, st_stairs_14, uniq_asterion,
          uniq_bai_suzhen
Orc:1:    layout_caves, gammafunk_ghost_berserking_beasts, uniq_erica
Orc:2:    grunt_orc_tribal_feast, layout_diamond_mine, basic_altar,
          serial_shops, shop, mines2_david

Skill      XL: |  1  2  3  4  5  6  7  8  9 10 11 12 13 14 15 16 17 |
---------------+----------------------------------------------------+-----
Necromancy     | 5 6 7 8 9 10 11 12 13 14 | 14.5
Shields        | 2 3 4 |  4.0
Invocations    | 2 4 6 8 9 10 11 12 | 12.2
Fighting       | 1 2 4 5 6 7 8 9 10 11 | 11.1
Spellcasting   | 2 3 4 5 6 7 8 9 |  9.6
Short Blades   | 4 6 7 9 10 | 10.0
Armour         | 1 3 5 6 7 8 10 11 | 11.2
Translocations | 2 4 5 6 |  6.2
Dodging        | 3 5 7 8 9 10 | 10.0
Earth Magic    | 6 9 12 13 14 | 14.6
Conjurations   | 2 4 5 7 |  7.5
Fire Magic     | 3 4 |  4.4
Evocations     | 1 4 |  4.1
Stealth        | |  2.4

Action                   |  1- 3 |  4- 6 |  7- 9 | 10-12 | 13-15 | 16-18 || total
-------------------------+-------+-------+-------+-------+-------+-------++-------
Melee: Unarmed           |     1 |       |       |       |       |       ||     1
       Dagger            |     5 |    52 |   210 |   651 |  1294 |  1053 ||  3265
 Cast: Pain              |    56 |    46 |    46 |    49 |    18 |       ||   215
       Animate Skeleton  |     2 |     2 |       |       |       |     1 ||     5
       Vampiric Draining |    10 |    40 |    33 |   114 |   301 |   271 ||   769
       Foxfire           |       |       |       |     5 |     1 |       ||     6
       Animate Dead      |       |       |       |     9 |    21 |    11 ||    41
       Agony             |       |       |       |     6 |    96 |    47 ||   149
       Stone Arrow       |       |       |       |       |   115 |     4 ||   119
       Blink             |       |       |       |       |    12 |       ||    12
       Lee's Rapid Decon |       |       |       |       |    29 |    28 ||    57
       Bolt of Magma     |       |       |       |       |    11 |    30 ||    41
       Death Channel     |       |       |       |       |       |     4 ||     4
Invok: Elemental Force   |       |       |     4 |     8 |    12 |     2 ||    26
       Upheaval          |       |       |     2 |     3 |    10 |       ||    15
 Abil: Heal Wounds       |       |       |       |     1 |       |       ||     1
Evoke: Wand              |       |       |     1 |       |     3 |     4 ||     8
  Use: Scroll            |       |     8 |     9 |    10 |     9 |     5 ||    41
       Potion            |       |     1 |       |       |    11 |     1 ||    13
 Stab: Paralysed         |       |       |       |     4 |       |     4 ||     8
       Distracted        |       |       |       |     1 |     2 |       ||     3
Armor: Robe              |     5 |    39 |    23 |       |       |       ||    67
       Acid dragon scale |       |       |     5 |   239 |   444 |   290 ||   978
       Leather armour    |       |       |     3 |       |       |       ||     3
Dodge: Dodged            |    25 |    60 |   112 |   352 |   628 |   501 ||  1678
       Repelled          |       |       |       |       |     6 |    34 ||    40
Block: Other             |       |     3 |       |       |       |       ||     3
       Buckler           |       |    31 |   139 |   491 |   816 |   819 ||  2296
       Reflection        |       |       |       |       |       |    53 ||    53

Table legend: (Time is in decaauts)
 A = Elapsed time spent in this place.
 B = Non-inter-level travel time spent in this place.
 C = Inter-level travel time spent in this place.
 D = Time resting spent in this place.
 E = Time spent auto-exploring this place.
 F = Levels seen in this place.
 G = Mean time per level.
                   A        B        C        D        E       F      G
               +--------+--------+--------+--------+--------+-----+--------+
         Total |  36272 |  34452 |   1820 |  10639 |  15784 |  31 | 1170.1 |
       Dungeon |  16750 |  15924 |    826 |   4880 |   7547 |  15 | 1116.7 |
          Lair |   8104 |   7529 |    575 |   2058 |   3463 |   6 | 1350.7 |
        Shoals |   4357 |   4180 |    177 |   1562 |   1701 |   3 | 1452.3 |
     Snake Pit |   4148 |   4036 |    112 |    873 |   2179 |   4 | 1037.0 |
  Orcish Mines |   2735 |   2606 |    129 |   1235 |    861 |   2 | 1367.5 |
        Bailey |    175 |    175 |      0 |     31 |     31 |   1 |  175.0 |
               +--------+--------+--------+--------+--------+-----+--------+

Top non-repeatable levels by time:
  Lair:6: 2558 daAuts
    D:13: 2014 daAuts
   Orc:2: 1797 daAuts
    D:12: 1788 daAuts
Shoals:2: 1787 daAuts
 Snake:3: 1623 daAuts
  Lair:4: 1594 daAuts
    D:11: 1555 daAuts
 Snake:2: 1482 daAuts
Shoals:1: 1404 daAuts
     D:7: 1382 daAuts
  Lair:5: 1377 daAuts
     D:1: 1351 daAuts
    D:10: 1322 daAuts
  Lair:1: 1223 daAuts
